 Dungeon Crawl Stone Soup version 0.31-a0-844-gdc52ec4e09 (webtiles) character file.

Game seed: 14177015313621074875

86930 archon2 the Fencer (level 15, -5/122 HPs)
             Began as a Demonspawn Gladiator on Sept 28, 2023.
             Was an Elder of Okawaru.
             Shot with a bolt by Saint Roka (23 damage)
             ... on level 1 of the Orcish Mines.
             The game lasted 01:25:24 (31551 turns).

archon2 the Fencer (Demonspawn Gladiator)          Turns: 31551, Time: 01:25:25

Health: -5/122     AC: 22    Str: 20    XL:     15   Next: 42%
Magic:  15/15      EV: 11    Int: 10    God:    Okawaru [****..]
Gold:   2283       SH: 18    Dex: 16    Spells: 14/14 levels left

rFire   + + .        a - +3 scimitar (flame)
rCold   + . .        U - +0 kite shield
rNeg    . . .        v - +2 chain mail {rF+}
rPois   .            X - +2 helmet
rElec   .            f - +0 cloak {rF+}
rCorr   .            (gloves unavailable)
SInv    .            L - +2 pair of boots {Fly}
Will    ++...        o - amulet of reflection
Stlth   x              - ring of willpower
HPRegen 0.40/turn    O - ring of protection from cold
MPRegen 0.14/turn

%: reflection
@: flying, invisible
A: claws 3, yellow scales 1, ignite blood 1, spiny 3
a: Renounce Religion, Heroism, Finesse


You were on level 1 of the Orcish Mines.
You worshipped Okawaru.
Okawaru was greatly pleased with you.
You visited 4 branches of the dungeon, and saw 23 of its levels.
You also visited: Volcano.

You collected 2283 gold pieces.

Inventory:

Hand Weapons
 a - a +3 scimitar of flaming (weapon)
 b - the +7 sling of Dithmenos {elec, rF++ Int-3}
   (You found it on level 4 of the Lair of Beasts)

   Int-3:     It affects your intelligence (-3).
   rF++:      It greatly protects you from fire.
Missiles
 d - 4 throwing nets
 e - 7 javelins
 j - 6 curare-tipped darts (quivered)
 Z - 6 silver javelins
Armour
 f - a +0 cloak of fire resistance (worn)
 v - a +2 chain mail of fire resistance (worn)
 L - a +2 pair of boots of flying (worn)
 U - a +0 kite shield (worn)
 X - a +2 helmet (worn)
Jewellery
 g - the amulet of the Blue Skies {Acrobat rElec rCorr}
   (You found it on level 15 of the Dungeon)

   [amulet of the acrobat]

   Acrobat:   It increases your evasion while moving and waiting.
   rElec:     It insulates you from electricity.
   rCorr:     It protects you from acid and corrosion.
 o - an amulet of reflection (around neck)
 w - a ring of poison resistance
 x - a ring of willpower (left claw)
 O - a ring of protection from cold (right claw)
Wands
 y - a wand of polymorph (12)
 I - a wand of iceblast (9)
 S - a wand of flame (29)
 Y - a wand of acid (3)
Scrolls
 h - a scroll of identify {@r1}
 l - 6 scrolls of immolation {unknown}
 n - 4 scrolls of vulnerability {unknown}
 p - 6 scrolls of noise {unknown}
 q - 4 scrolls of teleportation {unknown}
 r - 4 scrolls of revelation
 t - 7 scrolls of poison
 z - 2 scrolls of blinking {unknown}
 C - 6 scrolls of enchant weapon {unknown}
 D - 5 scrolls of amnesia {unknown}
 E - a scroll of brand weapon {unknown}
 F - 3 scrolls of torment {unknown}
 J - 2 scrolls of enchant armour {unknown}
 N - 5 scrolls of fog {unknown}
 Q - a scroll of silence {unknown}
 V - 2 scrolls of acquirement {unknown}
 W - 4 scrolls of fear {unknown}
Potions
 c - a potion of attraction
 i - 8 potions of curing {@q1}
 k - a potion of resistance
 m - 3 potions of ambrosia
 s - 2 potions of might
 A - 6 potions of enlightenment
 B - a potion of magic {unknown}
 G - 6 potions of mutation
 H - 2 potions of invisibility
 K - 2 potions of haste
 M - 6 potions of lignification
 P - 2 potions of berserk rage {unknown}
 R - a potion of cancellation {unknown}
 T - a potion of heal wounds
Miscellaneous
 u - a condenser vane (inert)


   Skills:
 + Level 12.8 Fighting
 * Level 16.4 Long Blades
 - Level 1.9 Throwing
 - Level 7.5 Armour
 - Level 8.2 Dodging
 * Level 12.5 Shields


You had 14 spell levels left.
You didn't know any spells.
Your spell library contained the following spells:

 Spells                   Type           Power      Damage    Failure   Level
 Foxfire                  Conj/Fire      0%         2x1d4     99%         1
 Kiss of Death            Conj/Necr      0%         2d5       99%         1
 Magic Dart               Conj           0%         1d3       99%         1
 Lesser Beckoning         Tloc           0%         N/A       99%         2
 Confusing Touch          Hex            0%         N/A       100%        3
 Dazzling Flash           Conj/Hex       0%         N/A       100%        3
 Gell's Gravitas          Tloc           0%         N/A       100%        3
 Mephitic Cloud           Conj/Pois/Air  0%         N/A       100%        3
 Ozocubu's Armour         Ice            0%         N/A       100%        3
 Stone Arrow              Conj/Erth      0%         3d7       100%        3
 Teleport Other           Tloc           0%         N/A       100%        3
 Cause Fear               Hex            0%         N/A       100%        4
 Dispel Undead            Necr           0%         3d6       100%        4
 Agony                    Necr           0%         N/A       100%        5
 Alistair's Intoxication  Tmut/Pois      0%         N/A       100%        5
 Borgnjor's Vile Clutch   Necr/Erth      0%         N/A       100%        5
 Fireball                 Conj/Fire      0%         3d3       100%        5
 Metabolic Englaciation   Hex/Ice        0%         N/A       100%        5
 Silence                  Hex/Air        0%         N/A       100%        5
 Eringya's Noxious Bog    Tmut/Pois      0%         4d6       100%        6
 Plasma Beam              Fire/Air       0%         2x1d10    100%        6
 Starburst                Conj/Fire      0%         6d3       100%        6
 Ozocubu's Refrigeration  Ice            0%         4d7       100%        7
 Lehudib's Crystal Spear  Conj/Erth      0%         10d2      100%        8
 Polar Vortex             Ice            0%         N/A       100%        9
 Call Imp                 Summ           Unusable   N/A       N/A         2
 Animate Armour           Summ/Erth      Unusable   N/A       N/A         4
 Simulacrum               Ice/Necr       Unusable   N/A       N/A         6
 Dragon's Call            Summ           Unusable   N/A       N/A         9

Dungeon Overview and Level Annotations

Branches:
Dungeon (15/15)            Temple (1/1) D:6            Lair (5/5) D:11
 Shoals (0/4) Lair:2        Snake (0/4) Lair:3        Slime (0/5) Lair:4
    Orc (2/2) D:12            Elf (0/3) Orc:2        Vaults (0/5) D:13
 Depths (0/4) D:15        Volcano (visited)

Altars:
Ashenzari
Cheibriados
Dithmenos
Fedhas
Gozag
Hepliaklqana
Kikubaaqudgha
Makhleb
Nemelex Xobeh
Okawaru
Qazlal
Ru
Sif Muna
Trog
Uskayaw
Vehumet
Wu Jian
Xom
Yredelemnul
Jiyva

Shops:
D:7 =   D:11 *

Portals:
Trove: D:15 (show slimy rune of Zot)

Annotations:
D:3 1 runed translucent door, Kurtz's ghost, weakling OpFi
D:8 exclusion: downstairs
Lair:2 3 runed translucent doors, avis's ghost, journeyman FeSh
Orc:1 Saint Roka


Innate Abilities, Weirdness & Mutations

You have claws for hands.
You are partially covered in yellow scales. (AC +2)
Your demonic aura sometimes causes spilled blood to erupt in flames.
You are completely covered in sharp spines.


Message History

Saint Roka invokes the aid of Beogh against you.
Beogh smites you!
You hit Saint Roka. You burn Saint Roka.
Saint Roka is moderately wounded.
You block Saint Roka's attack.
You hit Saint Roka but do no damage.
Saint Roka is moderately wounded.
Saint Roka is struck by your spines.
Saint Roka hits you with a +4 bardiche of flaming!!
You barely miss Saint Roka.
Saint Roka is moderately wounded.
Saint Roka unwields a +4 bardiche of flaming.
It stops flaming.
Saint Roka wields a +0 arbalest.
Saint Roka shoots a bolt.
The bolt hits you!
* * * LOW HITPOINT WARNING * * *
Saint Roka shoots a bolt.
The bolt hits you!!
* * * LOW HITPOINT WARNING * * *
Okay, then.
Okay, then.
Okay, then.
Press: ? - help, v - describe, . - travel
Here: Saint Roka, wielding a +0 arbalest and wearing a +2 plate armour of cold resistance (moderately wounded)
The floor, spattered with blood.
Unknown command.
You fade into invisibility!
Saint Roka shoots a bolt.
The bolt barely misses you.
Saint Roka shoots a bolt.
You feel like a meek peon again.
Saint Roka shoots a bolt.
Clouds condense from the air!
The condenser dries out!
Saint Roka is engulfed in noxious fumes.
Saint Roka appears confused.
Saint Roka is engulfed in poison gas.
Saint Roka is poisoned.
Saint Roka screams, "I'll kill you anyway!"
Saint Roka looks very confused.
Saint Roka looks more healthy.
Saint Roka cries, "In the name of Beogh, DIE!"
Saint Roka shoots a bolt.
The bolt hits you!!
You die...
Saint Roka roars, "Praise to Beogh!"

................##.#.......#
.........#......#.......####
.......###.........#....#.##
....#...#..................#
).#####.............[.[.#.##
)).## #.....###.....)[)..##
)...# #....###.......##.##
.)..###..####.....#...#.##
.....####.##....@##......#
......##..o.§§☼...#......###
##...####.#..§§..####......##
#....# ######...###....#...#
.....# ##...#....###.##
...#.## ##...#....# ###
......# #..#......# #.#..##
##.#...#^## .....## #####.###


You could see Saint Roka (unable to see you).

Vanquished Creatures
  A stone giant (D:15)
  A red draconian (Volcano)
  5 hydras
  3 ogre magi
  9 death yaks
  15 two-headed ogres
  2 tengu warriors (D:13)
  2 skysharks
  2 deep trolls (D:15)
  A skeletal warrior (D:13)
  A necromancer (D:15)
  3 deep elf pyromancers
  4 lindwurms (Lair:4)
  3 orc sorcerers
  9 ugly things
  2 orc knights
  4 cyclopes
  2 manticores
  4 elephants (Lair:5)
  10 black mambas
  An eye of devastation (D:12)
  4 gargoyles
  2 centaur zombies (D:15)
  A centaur skeleton (D:15)
  10 cane toads
  2 kobold demonologists
  8 komodo dragons
  5 yaktaurs
  A freezing wraith (D:13)
  Maggie (Lair:1)
  3 efreet
  2 rime drakes
  2 tengu conjurers (D:15)
  7 polar bears
  A queen bee (shapeshifter) (D:15)
  3 meliai (D:14)
  8 trolls
  7 hornets (Lair:5)
  A wolf spider simulacrum (D:15)
  13 blink frogs
  12 dream sheep
  9 slime creatures
  3 wraiths
  2 shadows
  14 spriggans (Lair:5)
  A centaur simulacrum (D:15)
  7 fire bats (Volcano)
  3 basilisks
  A wyvern (D:10)
  44 yaks
  A steam dragon (D:10)
  9 vampire mosquitoes
  A warg (Orc:2)
  Duvessa (D:5)
  14 water moccasins
  3 acid dragons
  14 orc warriors
  2 black bears
  A hornet zombie (D:15)
  A sky beast (D:6)
  6 ogres
  2 boggarts (Lair:5)
  45 wolves
  9 centaurs
  A phantom (D:5)
  8 bullfrogs
  6 kobold brigands
  A gnoll sergeant (D:13)
  2 scorpions
  Dowan (D:5)
  12 wights
  9 killer bees
  An electric eel (D:15)
  A howler monkey (D:3)
  6 lava snakes (Volcano)
  4 hounds
  8 orc priests
  2 gnoll boudas
  5 jellies (Lair:4)
  5 iguanas
  11 orc wizards
  4 hell rats
  Robin (D:4)
  3 adders
  10 gnolls
  3 white imps (D:6)
  2 ufetubi
  2 worms (D:2)
  A dart slug (D:3)
  38 orcs
  5 ball pythons
  5 bats
  4 endoplasms
  A giant cockroach (D:3)
  8 hobgoblins
  3 quokkas
  2 frilled lizards
  17 goblins
  34 kobolds
  3 rats
599 creatures vanquished.

Vanquished Creatures (others)
  A boggart (Lair:5)
  A gnoll (D:13)
2 creatures vanquished.

Grand Total: 601 creatures vanquished

Notes
Turn   | Place    | Note
-------+----------+-------------------------------------------
     0 | D:1      | archon2 the Demonspawn Gladiator began the quest for the
                  | Orb.
     0 | D:1      | Reached XP level 1. HP: 16/16 MP: 1/1
   138 | D:1      | Found a faded altar of an unknown god.
   453 | D:1      | Gained mutation: You are partially covered in sharp spines.
                  | [demonic ancestry]
   453 | D:1      | Reached XP level 2. HP: 16/22 MP: 2/2
   746 | D:2      | Reached skill level 3 in Long Blades
   870 | D:2      | Gained mutation: You have sharp fingernails. [demonic
                  | ancestry]
   870 | D:2      | Reached XP level 3. HP: 28/28 MP: 3/3
  1502 | D:3      | Found a runed translucent door.
  1507 | D:3      | Noticed Kurtz's ghost (weakling OpFi)
  2202 | D:4      | Reached skill level 1 in Armour
  2232 | D:4      | Noticed Robin
  2331 | D:4      | Killed Robin
  2332 | D:4      | Reached XP level 4. HP: 34/34 MP: 4/4
  2626 | D:4      | Noticed a centaur
  2638 | D:4      | Killed a centaur
  2639 | D:4      | Reached skill level 4 in Long Blades
  2639 | D:4      | Gained mutation: You have very sharp fingernails. [demonic
                  | ancestry]
  2639 | D:4      | Reached XP level 5. HP: 41/41 MP: 5/5
  2916 | D:3      | Reached XP level 6. HP: 47/47 MP: 6/6
  3446 | D:5      | Entered Level 5 of the Dungeon
  3489 | D:5      | Reached skill level 5 in Long Blades
  3489 | D:5      | Gained mutation: You are partially covered in yellow
                  | scales. (AC +2) [demonic ancestry]
  3489 | D:5      | Reached XP level 7. HP: 53/53 MP: 7/7
  3605 | D:5      | You fall into a shaft and drop 1 floor!
  3950 | D:5      | Found a shimmering altar of Xom.
  4015 | D:5      | Noticed Sigmund
  4024 | D:5      | Noticed Sigmund
  4030 | D:5      | Killed Sigmund the frilled lizard
  4228 | D:5      | Found a hazy altar of Hepliaklqana.
  4287 | D:5      | Found an ancient bone altar of Kikubaaqudgha.
  4391 | D:5      | Noticed Duvessa
  4406 | D:5      | Noticed Dowan
  4414 | D:5      | Killed Duvessa
  4680 | D:5      | Killed Dowan
  4721 | D:5      | Reached XP level 8. HP: 61/61 MP: 8/8
  4738 | D:5      | Reached skill level 6 in Long Blades
  5187 | D:6      | Found a staircase to the Ecumenical Temple.
  5197 | Temple   | Entered the Ecumenical Temple
  5562 | D:6      | Reached skill level 5 in Dodging
  5807 | D:6      | Reached skill level 5 in Fighting
  5964 | D:6      | Noticed a kobold demonologist
  5976 | D:6      | Noticed an ice devil
  5983 | D:6      | Killed a kobold demonologist
  5984 | D:6      | Reached skill level 7 in Long Blades
  6203 | Temple   | Became a worshipper of Warmaster Okawaru
  6414 | D:7      | Gained mutation: You have claws for hands. [demonic
                  | ancestry]
  6414 | D:7      | Reached XP level 9. HP: 50/68 MP: 9/9
  6701 | D:7      | Found Boolips's Jewellery Shop.
  7196 | D:7      | Reached * piety under Okawaru
  7316 | D:7      | Reached skill level 8 in Long Blades
  7316 | D:7      | Reached skill level 5 in Armour
  7782 | D:8      | Reached ** piety under Okawaru
  8087 | D:8      | Noticed a two-headed ogre
  8098 | D:8      | Killed a two-headed ogre
  8099 | D:8      | Reached skill level 9 in Long Blades
  8099 | D:8      | Reached XP level 10. HP: 77/77 MP: 10/10
  8634 | D:9      | Noticed a two-headed ogre
  8806 | D:9      | Killed a two-headed ogre
  8904 | D:9      | Found Cheibriados's Comfort Zone.
  8904 | D:9      | Found a snail-covered altar of Cheibriados.
  8921 | D:9      | Noticed a two-headed ogre
  8927 | D:9      | Killed a two-headed ogre
  9328 | D:9      | Found a sparkling altar of Nemelex Xobeh.
  9562 | D:9      | Reached *** piety under Okawaru
  9655 | D:9      | Reached skill level 10 in Long Blades
  9768 | D:10     | Entered Level 10 of the Dungeon
  9922 | D:10     | Noticed a gargoyle
 10613 | D:10     | Found an opulent altar of Gozag.
 10657 | D:10     | Reached XP level 11. HP: 84/86 MP: 11/11
 10659 | D:10     | Reached **** piety under Okawaru
 11965 | D:11     | Found a staircase to the Lair.
 12070 | D:11     | Reached ***** piety under Okawaru
 12207 | D:11     | Found Wifer's General Store.
 12584 | D:12     | Noticed a six-headed hydra
 12585 | D:12     | a six-headed hydra changed into an eye of devastation
 12593 | D:12     | Reached skill level 11 in Long Blades
 12614 | D:12     | Noticed a deep elf pyromancer
 12627 | D:12     | Killed a deep elf pyromancer
 12804 | D:12     | Noticed a two-headed ogre
 12818 | D:12     | Killed a two-headed ogre
 12818 | D:12     | Received a gift from Okawaru
 13260 | D:12     | Noticed a deep elf pyromancer
 13394 | D:11     | Killed a deep elf pyromancer
 13395 | D:11     | Reached skill level 1 in Shields
 13680 | D:12     | Found a staircase to the Orcish Mines.
 13951 | D:12     | Noticed a brown ugly thing
 13967 | D:12     | Killed a brown ugly thing
 14917 | D:13     | Noticed a tengu warrior
 14953 | D:13     | Killed a tengu warrior
 14953 | D:13     | Received a gift from Okawaru
 14954 | D:13     | Gained mutation: You are mostly covered in sharp spines.
                  | [demonic ancestry]
 14954 | D:13     | Reached XP level 12. HP: 47/95 MP: 10/12
 15263 | D:13     | Noticed a two-headed ogre
 15263 | D:13     | Noticed a two-headed ogre
 15264 | D:13     | Noticed an ogre mage
 15279 | D:13     | Killed a two-headed ogre
 15508 | D:13     | Reached skill level 12 in Long Blades
 15807 | D:13     | Noticed a tengu warrior
 15825 | D:13     | Killed a tengu warrior
 15933 | D:13     | Found a gate to the Vaults.
 15945 | D:13     | Paralysed by an ogre mage for 2 turns
 15957 | D:13     | Paralysed by something for 4 turns
 15966 | D:13     | Killed an ogre mage
 16108 | D:13     | Killed a two-headed ogre
 16109 | D:13     | Reached skill level 5 in Shields
 16787 | D:13     | Reached skill level 10 in Fighting
 17038 | Lair:1   | Entered Level 1 of the Lair of Beasts
 17038 | Lair:1   | Found a sparkling altar of Nemelex Xobeh.
 17075 | Lair:1   | Noticed Maggie
 17090 | Lair:1   | Killed Maggie
 17255 | Lair:1   | Reached skill level 13 in Long Blades
 18445 | Lair:2   | Received a gift from Okawaru
 18446 | Lair:2   | Gained mutation: Your demonic aura sometimes causes spilled
                  | blood to erupt in flames. [demonic ancestry]
 18446 | Lair:2   | Reached XP level 13. HP: 79/103 MP: 13/13
 18554 | Lair:2   | Found a runed translucent gate.
 18554 | Lair:2   | Found a runed translucent gate.
 18558 | Lair:2   | Found a runed translucent gate.
 18822 | Lair:2   | Noticed avis's ghost (journeyman FeSh)
 19018 | Lair:2   | Found a staircase to the Shoals.
 19758 | Lair:3   | Found a dark tunnel.
 19776 | Volcano  | Entered a volcano
 20201 | Volcano  | Noticed a red draconian
 20226 | Volcano  | HP: 3/104 [red draconian/searing blast (31)]
 20227 | Volcano  | Killed a red draconian
 20231 | Volcano  | HP: 4/104 [something (6)]
 20505 | Volcano  | Found a burning altar of Makhleb.
 20529 | Volcano  | Found a burning altar of Makhleb.
 20981 | Lair:2   | Received a gift from Okawaru
 21050 | Lair:2   | Reached skill level 14 in Long Blades
 21250 | Lair:3   | Found a staircase to the Snake Pit.
 21528 | Lair:3   | Received a gift from Okawaru
 22255 | Lair:4   | Reached XP level 14. HP: 91/113 MP: 12/14
 22439 | Lair:4   | Identified the +7 sling of Dithmenos {elec, rF++ Int-3}
 22446 | Lair:4   | Identified the +6 scale mail "Nauxipne" {Rampage rPois}
 22447 | Lair:4   | Identified the +0 pair of gloves "Raothrogov" {rC+ SInv}
 23184 | Lair:4   | Reached skill level 10 in Shields
 23389 | Lair:4   | Found a viscous altar of Jiyva.
 23389 | Lair:4   | Found a staircase to the Slime Pits.
 23492 | Lair:4   | Received a gift from Okawaru
 24056 | Lair:5   | Entered Level 5 of the Lair of Beasts
 24274 | Lair:5   | Reached skill level 15 in Long Blades
 24735 | Lair:5   | Received a gift from Okawaru
 25599 | Lair:5   | Received a gift from Okawaru
 27392 | D:14     | Identified the +3 leather armour of Subjectivity {Dex+5}
 27419 | D:14     | Found a sparkling altar of Nemelex Xobeh.
 27738 | D:15     | Entered Level 15 of the Dungeon
 27746 | D:14     | HP: 3/116 [two-headed ogre/+0 giant club (9)]
 28170 | D:14     | Gained mutation: You are completely covered in sharp
                  | spines. [demonic ancestry]
 28170 | D:14     | Reached XP level 15. HP: 110/122 MP: 15/15
 28369 | D:15     | Found a portal to a secret trove of treasure.
 28488 | D:15     | Identified the amulet of the Blue Skies {Acrobat rElec
                  | rCorr}
 28563 | D:15     | Reached skill level 16 in Long Blades
 28770 | D:15     | Received a gift from Okawaru
 29248 | D:15     | Found a staircase to the Depths.
 30367 | D:15     | Upgraded the game from 0.31-a0-841-g038b102fc3 to
                  | 0.31-a0-844-gdc52ec4e09
 30445 | Orc:1    | Entered Level 1 of the Orcish Mines
 31086 | Orc:2    | Entered Level 2 of the Orcish Mines
 31086 | Orc:2    | Found a staircase to the Elven Halls.
 31166 | Orc:2    | Noticed Saint Roka
 31551 | Orc:1    | Shot with a bolt by Saint Roka

Illustrated notes

Levels and vault maps discovered:
D:1:      roderic_chinese_lattice_arrival, layout_basic,
          ebering_ecumenical_altar_mist
D:2:      layout_rooms, serial_forest, infiniplex_forest_zigzag_2,
          infiniplex_forest_lined_2, infiniplex_forest_lined_room_2,
          infiniplex_forest_clump_medium, infiniplex_forest_straight_3,
          infiniplex_forest_fountain, infiniplex_forest_clump_double,
          infiniplex_forest_clump_tiny, infiniplex_forest_straight_3,
          mrwooster_statue_mirror
D:3:      layout_loops_ring, tso_metal_star, ebering_ghost_reflecting_pool
D:4:      layout_cave_pools, uniq_robin
D:5:      layout_basic, amcnicky_altar_gilded, amethyst_overflow_temple_binary,
          kennysheep_little_box, grunt_ministairs_9, kennysheep_generic_room_2,
          uniq_sigmund, uniq_duvessa
D:6:      layout_basic, minmay_temple_entry_antechambers
D:7:      layout_basic, serial_shops, shop
D:8:      layout_basic
D:9:      layout_roguey, lemuel_tele_altar, minmay_shop_chei
D:10:     layout_gridville, nicolae_gozag_cash_rules_everything_around_me
D:11:     layout_loops_ring, lair_entry_dummy, serial_shops, nicolae_square_shop
D:12:     layout_loops_cross, minmay_orc_entry_temple_small, due_unseen_surprise
D:13:     minmay_open_boxes_in_corner, layout_long_grid, david_vaults_2
D:14:     layout_basic, nemelex_lonely_heart_becter
D:15:     hangedman_depths_entry_civil_slaughter, layout_irregular_city,
          moated_statue, nicolae_trove_entry_crossroad, hangedman_weighted_door,
          minmay_crystal_water
Temple:   bh_familiar_temple
Lair:1:   layout_hall_layers, basic_altar, uniq_maggie
Lair:2:   layout_gridlike, minmay_shoals_entry_centaurs, gammafunk_ghost_icy
Lair:3:   layout_chaotic_city, minmay_snake_entry_six_corridors,
          enter_volcano_1, uniq_gastronok
Lair:4:   layout_regular_city, nicolae_slime_entry_field_trip,
          minmay_lindwurm_lava, lemuel_fruit_fields, lemuel_fruit_fields
Lair:5:   minmay_lair_end_enchanted_forest, layout_regular_city
Orc:1:    layout_diamond_mine
Orc:2:    st_orc_town, layout_caves, serial_shops, shop,
          nicolae_orc_damp_corner, uniq_saint_roka, uniq_azrael

Skill      XL: |  1  2  3  4  5  6  7  8  9 10 11 12 13 14 15 |
---------------+----------------------------------------------+-----
Long Blades    | 3 4 5 7 9 10 11 13 14 15 16 | 16.4
Dodging        | 3 4 5 6 7 8 |  8.2
Armour         | 1 2 3 4 5 6 7 |  7.5
Fighting       | 3 4 5 6 7 9 10 11 12 | 12.8
Shields        | 3 7 9 11 12 | 12.5
Throwing       | |  1.9

Action                     |  1- 3 |  4- 6 |  7- 9 | 10-12 | 13-15 || total
---------------------------+-------+-------+-------+-------+-------++-------
  Melee: Long sword        |    82 |    61 |   182 |   418 |       ||   743
         Punch             |     1 |     1 |     7 |     6 |       ||    15
         Dagger            |     2 |       |       |       |       ||     2
         Short sword       |       |       |   122 |       |       ||   122
         Scimitar          |       |       |       |   285 |  1128 ||  1413
   Fire: Sling             |       |       |       |       |     3 ||     3
  Throw: Dart              |       |       |     7 |       |     8 ||    15
 Invoke: Heroism           |       |       |       |    17 |    25 ||    42
  Evoke: Wand              |       |       |     6 |     1 |     3 ||    10
         Condenser vane    |       |       |       |       |     1 ||     1
    Use: Potion            |       |       |     1 |     2 |     6 ||     9
         Scroll            |       |       |       |     7 |     6 ||    13
 Armour: Chain mail        |    51 |    60 |   215 |   437 |   590 ||  1353
  Dodge: Dodged            |    37 |    43 |   143 |   291 |   400 ||   914
  Block: Kite shield       |       |       |       |   154 |   752 ||   906
         Reflection        |       |       |       |       |    21 ||    21

Table legend: (Time is in decaauts)
 A = Elapsed time spent in this place.
 B = Non-inter-level travel time spent in this place.
 C = Inter-level travel time spent in this place.
 D = Time resting spent in this place.
 E = Time spent auto-exploring this place.
 F = Levels seen in this place.
 G = Mean time per level.
                   A        B        C        D        E       F      G
               +--------+--------+--------+--------+--------+-----+--------+
         Total |  31307 |  29835 |   1472 |  10859 |  12536 |  24 | 1304.5 |
       Dungeon |  20864 |  19837 |   1027 |   7279 |   8572 |  15 | 1390.9 |
        Temple |    273 |    128 |    145 |      0 |      0 |   1 |  273.0 |
          Lair |   8257 |   7979 |    278 |   2706 |   3530 |   5 | 1651.4 |
  Orcish Mines |   1085 |   1064 |     21 |    455 |    382 |   2 |  542.5 |
       Volcano |    826 |    826 |      0 |    419 |     52 |   1 |  826.0 |
               +--------+--------+--------+--------+--------+-----+--------+

Top non-repeatable levels by time:
    D:13: 2587 daAuts
  Lair:5: 2100 daAuts
    D:15: 1980 daAuts
    D:12: 1901 daAuts
  Lair:4: 1823 daAuts
  Lair:2: 1746 daAuts
    D:14: 1653 daAuts
    D:10: 1594 daAuts
    D:11: 1558 daAuts
  Lair:1: 1321 daAuts
     D:9: 1303 daAuts
     D:5: 1272 daAuts
  Lair:3: 1263 daAuts
     D:6: 1229 daAuts
     D:3: 1200 daAuts
